 Dungeon Crawl Stone Soup version 0.30.1-11-g7821555f0a (webtiles) character file.

Game seed: 18146762795654336167

281597 KittyFluff the Tortoise (level 20, -38/130 HPs)
             Began as a Gargoyle Berserker on Nov 7, 2023.
             Was the Champion of Trog.
             Killed by a resonance strike
             ... invoked by Zenata
              (45 damage)
             ... on level 1 of the Vaults.
             The game lasted 04:41:31 (43169 turns).

KittyFluff the Tortoise (Gargoyle Berserker)       Turns: 43169, Time: 04:41:32

Health: -38/130    AC: 50    Str: 34    XL:     20   Next: 51%
Magic:  0/20       EV: 14    Int:  8    God:    Trog [******]
Gold:   541        SH: 23    Dex: 14    Spells: 19/19 levels left

rFire   . . .        z - +2 demon whip (heavy)
rCold   + + +        C - +2 kite shield {reflect}
rNeg    + . .        e - +2 plate armour "Nieqopn" {Dex+5}
rPois   ∞            i - +2 helmet
rElec   +            b - +2 cloak
rCorr   +            N - +2 pair of gloves of Lies {+Blink rC++}
SInv    +            o - +0 pair of boots
Will    +++..        d - brooch of Shielding {Spirit SH+8} Stlth
                     f - ring "Xockamoe" {rCorr Str+4}
HPRegen 1.41/turn    G - ring "Bouconipt" {rPois rC+ SInv}
MPRegen 0.17/turn

%: reflection, guardian spirit
@: strong-willed, on blink cooldown, flying, regenerating, studying Throwing
A: sickness immunity, AC +15, big wings, negative energy resistance 1,
electricity resistance, torment resistance 1, petrification resistance
}: 2/15 runes: serpentine, barnacled
a: Renounce Religion, Evoke Blink, Berserk, Trog's Hand, Brothers in Arms


You were on level 1 of the Vaults.
You worshipped Trog.
Trog was exalted by your worship.
You visited 7 branches of the dungeon, and saw 33 of its levels.
You visited the Abyss 1 time.
You visited 1 bazaar.
You also visited: Sewer and Ice Cave.

You collected 3953 gold pieces.
You spent 3412 gold pieces at shops.

Inventory:

Hand Weapons
 r - a +4 heavy arbalest
 z - a +2 heavy demon whip (weapon)
 F - a +0 heavy sling
 Y - a +7 antimagic eveningstar
Missiles
 p - 4 curare-tipped darts
 v - 16 boomerangs (quivered)
 P - 29 javelins
 R - 5 silver boomerangs
 U - 13 atropa-tipped darts
 Z - 3 silver javelins
Armour
 b - a +2 cloak (worn)
 e - the +2 plate armour "Nieqopn" (worn) {Dex+5}
   (You bought it in a shop in a bazaar)

   Dex:       It affects your dexterity (+5).
 i - a +2 helmet (worn)
 j - a +2 ring mail of fire resistance
 o - a +0 pair of boots (worn)
 C - a +2 kite shield of reflection (worn)
 N - the +2 pair of gloves of Lies (worn) {+Blink rC++}
   (You bought it in a shop on level 2 of the Orcish Mines)

   rC:        It greatly protects you from cold.
   +Blink:    It lets you blink.
Jewellery
 c - a +6 ring of dexterity
 d - the brooch of Shielding (around neck) {Spirit SH+8}
   (You bought it in a shop on level 2 of the Orcish Mines)

   [amulet of guardian spirit]

   It causes incoming damage to be divided between your reserves of health and
   magic.
   SH:        It affects your SH (+8).
 f - the ring "Xockamoe" (left hand) {rCorr Str+4}
   (You bought it in a shop on level 4 of the Snake Pit)

   [ring of resist corrosion]

   Str:       It affects your strength (+4).
   rCorr:     It protects you from acid and corrosion.
 u - a ring of protection from cold
 G - the ring "Bouconipt" (right hand) {rPois rC+ SInv}
   (You found it in an ice cave)

   [ring of see invisible]

   rC:        It protects you from cold.
   rPois:     It protects you from poison.
   SInv:      It lets you see invisible.
 K - the ring "Kieje" {AC+4 Dex+4 Stlth+}
   (You found it on level 3 of the Snake Pit)

   [ring of protection]

   AC:        It affects your AC (+4).
   Dex:       It affects your dexterity (+4).
   Stlth:     It makes you more stealthy.
 L - a ring of fire
 S - an amulet of reflection
Wands
 g - a wand of iceblast (9)
 x - a wand of paralysis (35)
 D - a wand of acid (4)
 H - a wand of digging (4)
 O - a wand of mindburst (10)
 V - a wand of flame (24)
Scrolls
 a - 8 scrolls of enchant weapon
 h - 6 scrolls of fear
 k - 5 scrolls of enchant armour
 l - 2 scrolls of silence
 m - 3 scrolls of torment
 q - 6 scrolls of immolation
 s - 4 scrolls of fog
 t - 5 scrolls of magic mapping
 y - 3 scrolls of blinking
 B - 8 scrolls of teleportation
 Q - 6 scrolls of poison
Potions
 n - 4 potions of might
 w - 6 potions of cancellation
 A - 6 potions of curing
 E - 5 potions of heal wounds
 I - 5 potions of haste
 J - 3 potions of invisibility
 M - 3 potions of attraction
 T - 3 potions of lignification
 X - 13 potions of mutation
Miscellaneous
 W - a phial of floods


   Skills:
 + Level 15.4 Fighting
 + Level 16.4(18.2) Maces & Flails
 - Level 13.3(16.7) Staves
 + Level 7.3 Throwing
 * Level 20.9 Armour
 + Level 11.9 Dodging
 * Level 15.9 Shields
 + Level 9.7 Evocations


You had 19 spell levels left.
You didn't know any spells.
Your spell library was empty.

Dungeon Overview and Level Annotations

Branches:
Dungeon (15/15)            Temple (0/1) D:5            Lair (5/5) D:10
 Shoals (4/4) Lair:2        Snake (4/4) Lair:2        Slime (0/5) Lair:5
    Orc (2/2) D:10            Elf (2/3) Orc:2        Vaults (1/5) D:13
  Sewer (visited)           IceCv (visited)
 Depths: D:15

Altars:
Dithmenos
Kikubaaqudgha
Ru
Vehumet
Yredelemnul
Jiyva

Shops:
D:11 *   Orc:2 (=*!   Elf:2 *   Snake:1 ([!   Snake:4 =

Portals:
Pandemonium: Orc:2
Trove: Elf:1 (give 13 potions of heal wounds)

Annotations:
D:15 Nessos
Shoals:2 3 runed translucent doors, Angmar's ghost, adept DrTm; Liimbo's ghost, adept FoWn; Soriudd's ghost, adept TeAE
Elf:2 3 runed translucent doors
Vaults:1 Zenata


Innate Abilities, Weirdness & Mutations

You are immune to sickness and miasma.
Your stone body is resilient. (AC +15)
You are immune to poison.
Your large and strong wings let you fly.
You resist negative energy. (rN+)
You are resistant to electric shocks. (rElec)
You are resistant to unholy torment.
You are immune to petrification.


Message History

The +2 scimitar of venom closely misses you.
You punish Zenata, causing immense pain!!!
Zenata is almost dead.
You block the +1 dire flail of protection's attack.
You block the +2 scimitar of venom's attack.
The +7 glaive of venom misses you. The +1 antimagic battleaxe hits you!!
You block the +1 dire flail of protection's attack.
The +1 halberd of venom hits you but does no damage.
You block Zenata's attack. The +2 scimitar of venom hits you!
* * * LOW HITPOINT WARNING * * *
You feel much better.
You block the +1 dire flail of protection's attack.
The +1 halberd of venom misses you.
The +1 antimagic battleaxe closely misses you.
You block the +7 glaive of venom's attack.
You block the +2 scimitar of venom's attack.
The +1 dire flail of protection hits you!!
* * * LOW HITPOINT WARNING * * *
The +1 halberd of venom hits you from afar!
* * * LOW HITPOINT WARNING * * *
The +7 glaive of venom hits you.
* * * LOW HITPOINT WARNING * * *
Zenata hits you but does no damage.
The +1 antimagic battleaxe closely misses you.
You block the +2 scimitar of venom's attack.
The +1 dire flail of protection closely misses you.
You blink.
You block the +1 halberd of venom's attack.
The +1 halberd of venom hits you but does no damage.
Your skin crawls.
You feel strong-willed. The +3 war axe of freezing misses you.
The +2 scimitar of venom hits you.
* * * LOW HITPOINT WARNING * * *
The +1 halberd of venom hits you from afar!
* * * LOW HITPOINT WARNING * * *
The +1 dire flail of protection hits you.
* * * LOW HITPOINT WARNING * * *
Zenata points at you and mumbles some strange words.
A blast of power from the earth and the adjacent constructs strikes you!
You die...

. # .. .+
...########..# ####
.............# ...
.............# ..#
#......@.....# ..#
#.....(((....# ..#
#......((....# ..#
#.....(a.....# ..#
#............# ..#
#......§.....# ..#
#............# ..+
#............#
..########............#


You could see Zenata and 6 dancing weapons.

Vanquished Creatures
  Jorgrun (Snake:2)
  A sphinx (Shoals:4)
  A tentacled starspawn (Abyss:2)
  Kirke (D:15)
  The ghost of Razfen the Cruncher, an adept GnWn of Ashenzari (Snake:3)
  Roxanne (D:15)
  12 nagarajas
  A frost giant (D:15)
  A deep elf sorcerer (Elf:1)
  Louise (D:14)
  A reaper (Abyss:2)
  A deep elf demonologist (Elf:2)
  3 minotaurs (Shoals:4)
  A dire elephant (Lair:5)
  5 white draconians (IceCv)
  2 merfolk javelineers (Shoals:4)
  A fire dragon (D:15)
  Josephine (D:10)
  An ettin (D:15)
  An entropy weaver (shapeshifter) (D:14)
  A yaktaur captain (D:15)
  6 merfolk impalers
  A hydra (D:15)
  7 alligator snapping turtles
  2 demonspawn (Orc:2)
  2 salamander tyrants (Snake:2)
  2 rakshasas
  An ironbound frostheart (Vaults:1)
  7 centaur warriors
  3 merfolk avatars
  A vault guard (D:13)
  8 two-headed ogres (D:11)
  9 satyrs
  3 catoblepae
  12 dancing weapons
  5 merfolk aquamancers (Shoals:3)
  3 boulder beetles
  10 anacondas
  3 tengu warriors
  15 death yaks
  17 naga warriors
  8 shock serpents
  14 naga sharpshooters
  9 orc high priests
  Urug (Lair:1)
  A spectral salamander (Snake:3)
  Sonja (Lair:3)
  5 skysharks
  5 deep elf knights
  A skyshark (shapeshifter) (Elf:2)
  2 salamander mystics
  4 skeletal warriors (D:15)
  25 sea snakes
  4 naga ritualists
  A wizard (Elf:1)
  An orange crystal statue (IceCv)
  12 deep elf archers
  The ghost of OlManJenkins the Trooper, a novice MiBe of Trog (D:6)
  2 lindwurms
  5 orc knights
  An obsidian statue (Elf:1)
  A glowing orange brain (D:15)
  12 mana vipers
  12 harpies
  21 deep elf pyromancers
  23 deep elf zephyrmancers
  12 salamanders
  20 ugly things
  5 cyclopes
  12 fauns
  7 orc sorcerers
  20 manticores
  18 elephants
  An apocalypse crab (Abyss:2)
  4 water nymphs
  Joseph (D:7)
  37 black mambas
  8 merfolk sirens
  12 naga magi
  6 guardian serpents
  2 large abominations (Abyss:2)
  6 storm dragon simulacra (IceCv)
  A smoke demon (Orc:2)
  6 gargoyles
  An orange demon (Orc:2)
  2 torpor snails
  10 cane toads
  A yaktaur (D:15)
  Psyche (D:8)
  5 komodo dragons
  2 unseen horrors
  A freezing wraith (D:15)
  2 kobold demonologists (D:11)
  A rime drake (shapeshifter) (D:11)
  A tengu conjurer (D:14)
  4 efreet
  An anaconda simulacrum (Snake:3)
  9 golden dragon simulacra (IceCv)
  3 rime drakes
  A meliai (shapeshifter) (D:14)
  9 wind drakes
  17 merfolk
  11 polar bears
  10 trolls
  Prince Ribbit (D:9)
  5 dream sheep
  A blink frog (shapeshifter) (Elf:2)
  7 snapping turtles
  14 blink frogs
  4 raiju (Lair:5)
  A small abomination (Abyss:2)
  2 air elementals (Elf:1)
  7 shadows
  4 vampires
  8 slime creatures
  Sigmund (D:2)
  A ynoxinul (Abyss:2)
  A spriggan (shapeshifter) (D:13)
  10 water elementals
  A yak (shapeshifter) (D:13)
  3 fire elementals
  49 yaks
  6 wyverns
  7 wraiths
  6 hogs (D:15)
  3 spectral nagas (Snake:3)
  2 basilisks
  A chaos spawn (Orc:2)
  7 vampire mosquitoes
  5 wargs
  49 nagas
  2 acid dragons
  2 swamp worms (Lair:1)
  13 hell hounds (Lair:5)
  11 water moccasins
  2 guardian serpent simulacra (Snake:3)
  2 ice beasts
  37 orc warriors
  A black mamba simulacrum (Snake:3)
  A sky beast (D:6)
  13 black bears
  3 ice dragon simulacra (IceCv)
  23 wolves
  8 ogres
  7 centaurs
  3 boggarts
  5 kobold brigands
  12 bullfrogs
  3 gnoll sergeants
  3 earth elementals
  4 scorpions
  3 wights (D:6)
  3 lindwurm simulacra (IceCv)
  4 killer bees (D:9)
  A naga simulacrum (Snake:3)
  4 howler monkeys
  A hound (D:5)
  A gnoll bouda (D:5)
  A jelly (D:6)
  Crazy Yiuf (D:2)
  34 orc priests
  2 iguanas
  Natasha (thrice) (D:2)
  32 orc wizards
  11 hell rats
  19 gnolls
  7 adders
  A river rat (D:5)
  A shadow imp (D:7)
  3 white imps
  2 ufetubi
  2 worms
  A dart slug (D:4)
  114 orcs
  9 ball pythons
  6 bats
  11 endoplasms
  5 giant cockroaches
  7 goblins
  7 hobgoblins
  6 quokkas
  5 frilled lizards
  27 kobolds
  8 rats
  A spectral goblin (D:1)
  A spectral weapon (D:10)
1303 creatures vanquished.

Vanquished Creatures (others)
  A nagaraja (Snake:4)
  A draconian knight (IceCv)
  A merfolk aquamancer (Shoals:3)
  A naga warrior (Snake:4)
  2 deep elf knights (Elf:1)
  A skeletal warrior (D:15)
  A salamander mystic (Snake:2)
  A wizard (Elf:1)
  2 deep elf pyromancers (Elf:1)
  A fire elemental (Elf:1)
  3 nagas
  A wight (Abyss:2)
  An orc wizard (D:8)
  11 spectral weapons
  4 starspawn tentacles (Abyss:2)
32 creatures vanquished.

Grand Total: 1335 creatures vanquished

Notes
Turn   | Place    | Note
-------+----------+-------------------------------------------
     0 | D:1      | KittyFluff the Gargoyle Berserker began the quest for the
                  | Orb.
     0 | D:1      | Reached XP level 1. HP: 14/14 MP: 1/1
   148 | D:1      | Reached XP level 2. HP: 19/19 MP: 2/2
   413 | D:1      | Found a faded altar of an unknown god.
   525 | D:1      | You fall into a shaft and drop 1 floor!
   814 | D:2      | Noticed Natasha
   824 | D:2      | Killed Natasha
   825 | D:2      | Reached skill level 3 in Armour
   825 | D:2      | Reached XP level 3. HP: 12/23 MP: 3/3
   867 | D:2      | Noticed Sigmund
   873 | D:2      | Killed Sigmund
   874 | D:2      | Reached skill level 4 in Armour
   874 | D:2      | Reached XP level 4. HP: 28/29 MP: 4/4
   874 | D:2      | Reached XP level 5. HP: 32/33 MP: 5/5
   958 | D:2      | Noticed Natasha
   974 | D:2      | Killed Natasha
   975 | D:2      | Reached XP level 6. HP: 25/38 MP: 6/6
   982 | D:2      | Noticed Natasha
   992 | D:2      | Killed Natasha
  1464 | D:2      | Found a runed translucent door.
  1465 | D:2      | Noticed Crazy Yiuf
  1472 | D:2      | Killed Crazy Yiuf
  1625 | D:3      | Found a basalt altar of Yredelemnul.
  1851 | D:3      | Found a sacrificial altar of Ru.
  2025 | D:3      | Reached ** piety under Trog
  3106 | D:4      | Identified the +3 rapier of the Moon {freeze, rC+}
  3548 | D:5      | Entered Level 5 of the Dungeon
  3647 | D:5      | Reached skill level 5 in Maces & Flails
  3647 | D:5      | Reached XP level 7. HP: 43/44 MP: 7/7
  3650 | D:5      | Found a glowing drain.
  3654 | Sewer    | Entered a sewer
  3708 | Sewer    | Reached skill level 5 in Armour
  3909 | Sewer    | Reached *** piety under Trog
  4166 | D:5      | Reached skill level 5 in Fighting
  4166 | D:5      | Reached skill level 6 in Armour
  4166 | D:5      | Reached XP level 8. HP: 4/49 MP: 8/8
  4724 | D:5      | Found a staircase to the Ecumenical Temple.
  4967 | D:6      | Found a runed translucent door.
  4979 | D:6      | Reached skill level 7 in Armour
  4983 | D:6      | Noticed OlManJenkins's ghost (novice MiBe)
  5011 | D:6      | Killed OlManJenkins's ghost
  5012 | D:6      | Reached XP level 9. HP: 45/55 MP: 9/9
  5532 | D:6      | Reached skill level 8 in Armour
  6020 | D:7      | Noticed Joseph
  6031 | D:7      | Paralysed by Joseph for 3 turns
  6035 | D:7      | Paralysed by Joseph for 2 turns
  6053 | D:7      | Killed Joseph
  6539 | D:7      | Reached skill level 1 in Staves
  6735 | D:8      | Reached skill level 9 in Armour
  6737 | D:8      | Reached XP level 10. HP: 61/61 MP: 10/10
  6739 | D:8      | Reached **** piety under Trog
  6796 | D:8      | Reached skill level 5 in Dodging
  6825 | D:8      | Found a shadowy altar of Dithmenos.
  6946 | D:8      | Noticed Psyche
  6970 | D:8      | Killed Psyche
  7650 | D:9      | Reached skill level 10 in Armour
  7892 | D:9      | Reached ***** piety under Trog
  7900 | D:9      | Noticed a cyclops
  7949 | D:9      | Killed a cyclops
  8094 | D:9      | Noticed Prince Ribbit
  8104 | D:9      | Killed Prince Ribbit
  8105 | D:9      | Reached skill level 5 in Staves
  8340 | D:10     | Entered Level 10 of the Dungeon
  8412 | D:10     | Reached XP level 11. HP: 49/68 MP: 11/11
  8475 | D:10     | Noticed a death yak
  8512 | D:10     | Killed a death yak
  8520 | D:10     | Reached skill level 11 in Armour
  8563 | D:10     | Noticed a death yak
  8563 | D:10     | Noticed a death yak
  8583 | D:10     | Noticed a death yak
  8586 | D:10     | Noticed a death yak
  8593 | D:10     | Killed a death yak
  8618 | D:10     | Killed a death yak
  8628 | D:10     | Killed a death yak
  8631 | D:10     | HP: 2/103 [death yak (9)]
  8635 | D:10     | Killed a death yak
  8647 | D:10     | HP: 3/103 [yak (9)]
  8736 | D:10     | Found a staircase to the Lair.
  9124 | D:10     | Noticed Josephine
  9153 | D:10     | Killed Josephine
  9154 | D:10     | Reached skill level 12 in Armour
  9582 | D:10     | Reached XP level 12. HP: 28/76 MP: 12/12
  9630 | D:10     | Found a staircase to the Orcish Mines.
  9701 | Lair:1   | Entered Level 1 of the Lair of Beasts
 10055 | Lair:1   | Noticed Urug
 10070 | Lair:1   | Killed Urug
 10098 | Lair:1   | Noticed a catoblepas
 10108 | Lair:1   | Killed a catoblepas
 10305 | Lair:1   | Identified the +4 mace of Nuajyad {speed, rC+ SInv}
 10479 | Lair:1   | Identified the staff of fire "Kyrexaask" {rF+ Str+3}
 10597 | Lair:2   | Reached skill level 13 in Armour
 10909 | Lair:2   | Received a gift from Trog
 10910 | Lair:2   | Reached skill level 10 in Fighting
 11364 | Lair:2   | Found a staircase to the Snake Pit.
 11396 | Lair:2   | Reached XP level 13. HP: 82/82 MP: 13/13
 11470 | Lair:2   | Found a staircase to the Shoals.
 11571 | Lair:2   | Reached skill level 10 in Staves
 11656 | Lair:3   | Identified a scroll of acquirement
 11657 | Lair:3   | Acquired the +10 lajatang "Fahoen" {protect, Contam Str+6
                  | Int+3}
 11796 | Lair:3   | Reached skill level 14 in Armour
 12191 | Lair:3   | Noticed Sonja
 12202 | Lair:3   | Killed Sonja
 12865 | Lair:4   | Reached skill level 1 in Evocations
 13217 | Lair:4   | Reached ****** piety under Trog
 13351 | Lair:5   | Entered Level 5 of the Lair of Beasts
 13394 | Lair:4   | Reached skill level 15 in Armour
 13458 | Lair:4   | Gained mutation: Your large and strong wings let you fly.
                  | [Gargoyle growth]
 13458 | Lair:4   | Reached XP level 14. HP: 75/90 MP: 14/14
 13559 | Lair:5   | Received a gift from Trog
 13919 | Lair:5   | Found a staircase to the Slime Pits.
 13919 | Lair:5   | Found a viscous altar of Jiyva.
 14205 | Lair:5   | Noticed a dire elephant
 14277 | Lair:5   | Killed a dire elephant
 15246 | Lair:5   | Received a gift from Trog
 15306 | Lair:5   | Reached skill level 16 in Armour
 15983 | D:11     | Found Ysuore's CLEARANCE SALE!.
 16003 | D:11     | Bought a scroll of poison for 16 gold pieces
 16128 | D:11     | Reached XP level 15. HP: 79/96 MP: 15/15
 17241 | D:11     | Acquired a manual of Shields
 17243 | D:11     | Acquired a manual of Maces & Flails
 17581 | D:12     | Reached skill level 1 in Shields
 18100 | D:13     | Reached skill level 5 in Evocations
 18139 | D:13     | Received a gift from Trog
 18423 | D:13     | Found a gate to the Vaults.
 19308 | D:14     | Identified the +6 battleaxe of Awezourch {venom, Dex+3}
 19480 | D:14     | Reached skill level 10 in Maces & Flails
 19480 | D:14     | Reached skill level 17 in Armour
 19502 | D:14     | Noticed Louise
 19588 | D:14     | Killed Louise
 19972 | D:15     | Entered Level 15 of the Dungeon
 19990 | D:15     | Noticed Nessos
 20168 | D:15     | Received a gift from Trog
 20175 | D:15     | Reached XP level 16. HP: 91/103 MP: 16/16
 20283 | D:15     | Reached skill level 5 in Shields
 20289 | D:15     | HP: 2/103 [yaktaur captain/bolt (17)]
 20498 | Orc:1    | Entered Level 1 of the Orcish Mines
 21024 | Orc:2    | Entered Level 2 of the Orcish Mines
 21177 | Orc:2    | Received a gift from Trog
 21202 | Orc:2    | Found a staircase to the Elven Halls.
 21893 | Orc:2    | Found Ketrev's Distillery.
 21905 | Orc:2    | Found Juelyac's General Store.
 21952 | Orc:2    | Paralysed by an orc sorcerer for 2 turns
 22586 | Orc:2    | Reached skill level 10 in Dodging
 22634 | Orc:2    | Found Nycwus's Antique Weapon Shop.
 22634 | Orc:2    | Found a one-way gate leading to the halls of Pandemonium.
 22634 | Orc:2    | Found Buogg's Jewellery Boutique.
 22783 | Orc:2    | Bought a potion of cancellation for 112 gold pieces
 22783 | Orc:2    | Bought 2 potions of heal wounds for 140 gold pieces
 22785 | Orc:2    | Bought the +2 pair of gloves of Lies {+Blink rC++} for 598
                  | gold pieces
 22828 | Orc:2    | Bought the brooch of Shielding {Spirit SH+8} for 715 gold
                  | pieces
 22828 | Orc:2    | Found the brooch of Shielding {Spirit SH+8}
 23055 | D:15     | Received a gift from Trog
 23056 | D:15     | Noticed Kirke
 23845 | D:15     | Noticed Roxanne
 23897 | D:15     | Killed Roxanne
 23925 | D:15     | Identified the staff of conjuration "Gimeuhog" {rF++ Int-2}
 23950 | D:15     | Killed Kirke
 24440 | Snake:1  | Entered Level 1 of the Snake Pit
 24528 | Snake:1  | Found Coasotogg's Weapon Boutique.
 24531 | Snake:1  | Found Gittiruav's Armour Shop.
 24533 | Snake:1  | Found Kurueh Ixzo's Distillery.
 24578 | Snake:1  | Bought a potion of heal wounds for 70 gold pieces
 24578 | Snake:1  | Bought a potion of heal wounds for 70 gold pieces
 24578 | Snake:1  | Bought a potion of heal wounds for 70 gold pieces
 24616 | Snake:1  | Reached skill level 18 in Armour
 25256 | Snake:1  | Reached XP level 17. HP: 96/109 MP: 15/17
 25426 | Snake:1  | Received a gift from Trog
 26126 | Snake:1  | Reached skill level 10 in Shields
 26320 | Snake:2  | Identified the +5 scale mail "Hiuromus" {-Tele rCorr Str+9}
 27006 | Snake:2  | Noticed Jorgrun
 27038 | Snake:2  | Killed Jorgrun
 28636 | Snake:3  | Received a gift from Trog
 29181 | Snake:3  | Found a runed translucent gate.
 29181 | Snake:3  | Found a runed translucent gate.
 29191 | Snake:3  | Found a runed translucent gate.
 29280 | Snake:3  | Noticed Razfen's ghost (adept GnWn)
 29538 | Snake:3  | Killed Razfen's ghost
 29552 | Snake:3  | Identified the ring "Kieje" {AC+4 Dex+4 Stlth+}
 29882 | Snake:4  | Entered Level 4 of the Snake Pit
 29953 | Snake:4  | Reached skill level 15 in Maces & Flails
 29953 | Snake:4  | Reached skill level 1 in Throwing
 29953 | Snake:4  | Reached XP level 18. HP: 103/116 MP: 15/18
 30278 | Snake:4  | Reached skill level 19 in Armour
 31024 | Snake:4  | Received a gift from Trog
 31484 | Snake:4  | Found Pofapij's Jewellery Shop.
 31496 | Snake:4  | Bought the ring "Xockamoe" {rCorr Str+4} for 424 gold
                  | pieces
 32700 | Snake:4  | Got a serpentine rune of Zot
 32849 | Shoals:1 | Entered Level 1 of the Shoals
 33117 | Shoals:1 | Received a gift from Trog
 33325 | Shoals:1 | Identified the +4 quarterstaff of Imbalance {venom, Str+2
                  | Int+3 Dex+5 Stlth-}
 34104 | Shoals:2 | Found a runed translucent gate.
 34105 | Shoals:2 | Found a runed translucent gate.
 34106 | Shoals:2 | Found a runed translucent gate.
 34109 | Shoals:2 | Identified the +0 quarterstaff "Jaot" {flame, Contam
                  | *Corrode rElec rN+++}
 34109 | Shoals:2 | Noticed Liimbo's ghost (adept FoWn)
 34109 | Shoals:2 | Noticed Angmar's ghost (adept DrTm)
 34109 | Shoals:2 | Noticed Soriudd's ghost (adept TeAE)
 34291 | Shoals:2 | Reached XP level 19. HP: 122/122 MP: 19/19
 34642 | Shoals:2 | Acquired a manual of Throwing
 35249 | Shoals:3 | Identified the +8 war axe of the Fresh God {protect, Dex+3}
 35724 | Shoals:3 | Identified the amulet of Uttodi {RegenMP rElec rPois rF-
                  | Regen+}
 35881 | Shoals:4 | Entered Level 4 of the Shoals
 36296 | Shoals:4 | Received a gift from Trog
 36372 | Shoals:4 | Reached skill level 20 in Armour
 37272 | Shoals:4 | Reached skill level 5 in Throwing
 37694 | Shoals:4 | Identified the +2 arbalest "Wateubb" {freeze, +Blink rElec
                  | Str+3}
 37796 | Shoals:4 | Paralysed by a sphinx for 3 turns
 37986 | Shoals:4 | Reached skill level 15 in Fighting
 38141 | Shoals:3 | Reached skill level 15 in Shields
 38274 | Shoals:4 | Identified the +0 leather armour of Thoughtfulness {rF+}
 38378 | Shoals:4 | Received a gift from Trog
 38452 | Shoals:4 | Got a barnacled rune of Zot
 38753 | Elf:1    | Entered Level 1 of the Elven Halls
 39070 | Elf:1    | Found a radiant altar of Vehumet.
 39183 | Elf:1    | Found a gateway to a bazaar.
 39492 | Elf:1    | Found a portal to a secret trove of treasure.
 39862 | Bazaar   | Entered a bazaar
 39864 | Bazaar   | Found Qoemeint's Antique Armour Shoppe.
 39872 | Bazaar   | Found Cirejecs's Jewellery Boutique.
 39907 | Bazaar   | Found Bautteng's Assorted Antiques.
 39916 | Bazaar   | Found Gaaqeulo's Jewellery Shop.
 39983 | Bazaar   | Bought a glowing cloak for 217 gold pieces
 39983 | Bazaar   | Bought a heavily runed plate armour for 812 gold pieces
 39983 | Bazaar   | Identified the +2 plate armour "Nieqopn" {Dex+5} (You
                  | bought it in a shop in a bazaar)
 40023 | Bazaar   | Bought a potion of cancellation for 168 gold pieces
 40107 | Abyss:2  | Cast into level 2 of the Abyss (a deep elf sorcerer)
 40162 | Abyss:2  | Found a corrupted altar of Lugonu.
 40188 | Abyss:2  | Paralysed by you for 4 turns
 40221 | Elf:1    | Escaped the Abyss
 40254 | Elf:1    | Reached XP level 20. HP: 120/129 MP: 5/20
 40259 | Elf:1    | Paralysed by an air elemental for 1 turns
 40269 | Elf:1    | Paralysed by an air elemental for 1 turns
 40285 | Elf:1    | Received a gift from Trog
 40871 | Elf:2    | Paralysed by an air elemental for 1 turns
 41086 | Elf:2    | Found a frozen archway.
 41180 | IceCv    | Entered an ice cave
 41737 | IceCv    | Identified the amulet "Gial" {Spirit Dex+7}
 41747 | IceCv    | Identified the ring "Bouconipt" {rPois rC+ SInv}
 41750 | IceCv    | Identified the ring of Soiw {Fly rElec rC+}
 41829 | IceCv    | Identified the +1 long sword of Dicym {venom, rCorr}
 42050 | Elf:2    | Received a gift from Trog
 42287 | Elf:2    | Found Coall's Assorted Antiques.
 42479 | Elf:2    | Found a runed translucent gate.
 42479 | Elf:2    | Found a runed translucent gate.
 42479 | Elf:2    | Found a runed translucent gate.
 42578 | Elf:1    | Found an ancient bone altar of Kikubaaqudgha.
 42941 | Vaults:1 | Entered Level 1 of the Vaults
 43151 | Vaults:1 | Noticed Zenata
 43169 | Vaults:1 | Killed from afar by Zenata

Illustrated notes

Levels and vault maps discovered:
D:1:      minmay_arrival_stair_chambers, layout_loops_cross,
          dreamdust_ecumenical_altar_drowned_temple
D:2:      layout_basic, uniq_crazy_yiuf_cottage, uniq_sigmund, uniq_natasha
D:3:      layout_loops_ring, lemuel_doored_altar,
          mainiacjoe_overflow_small_starburst, minmay_increasing_density
D:4:      minmay_thinvault, layout_layer_cave
D:5:      layout_cave_pods, minmay_temple_entry_butterflies,
          gup_sewer_entry_spiral, grunt_ministairs_1
D:6:      layout_cave_pods, hellmonk_ghost_happy_afterlife
D:7:      layout_loops_ring, kennysheep_mini, uniq_joseph
D:8:      layout_loops_ring, mainiacjoe_overflow_six_doors_small, special_room
          [special_room_orc], lightli_orcish_oven, uniq_psyche
D:9:      layout_basic, uniq_prince_ribbit1
D:10:     layout_long_grid, dpeg_lair_monsters, erik_orc_2, uniq_josephine
D:11:     nzn_winding_woodlands_stair_trap [nzn_winding_woodlands_5x15_eye,
          nzn_winding_woodlands_5x15_concentric,
          nzn_winding_woodlands_5x15_cabin, nzn_winding_woodlands_15x15_killbox,
          nzn_winding_woodlands_5x15_pockets,
          nzn_winding_woodlands_5x15_split_checker,
          nzn_winding_woodlands_5x15_twine], layout_grid_maze, st_stairs_14,
          nicolae_shop_clearance
D:12:     layout_cave_pods, serial_bayou_crossing
D:13:     layout_basic, david_vaults_5
D:14:     layout_roguey, nicolae_benzene_ring, uniq_louise
D:15:     gammafunk_enter_depths_forms, layout_rooms, serial_park_avenue1,
          dispersion_dpeg, uniq_kirke, uniq_roxanne, uniq_nessos
Lair:1:   layout_loops_ring, worms_lemuel, uniq_urug
Lair:2:   layout_cave_shapes, minmay_shoals_entry_hut,
          guppyfry_snake_entry_garden
Lair:3:   layout_cave_shapes, st_stairs_6, nicolae_quartered_pool_little,
          uniq_sonja
Lair:4:   layout_cave_pods
Lair:5:   hangedman_lair_in_review, layout_cellular_growth,
          hangedman_lair_caniforms_friends, slime_entry_1,
          chequers_serial_rivers_micro_e, kilobyte_rumbling_trees
Shoals:1: layout_shoals
Shoals:2: layout_shoals, gammafunk_ghost_cemetery
Shoals:3: layout_shoals, nicolae_shoals_aquamancer_cove
Shoals:4: shoals_end_hellmonk_lost_city
Snake:1:  layout_chambers, hangedman_snake_pattern, minmay_shop_star
Snake:2:  layout_honeycomb, guppyfry_library_mini, uniq_jorgrun
Snake:3:  layout_onion_interference, serial_bayou, serial_bayou_ford_a,
          serial_bayou_lagoon_b, serial_bayou_pond_c, serial_bayou_pond_d,
          gammafunk_ghost_necromancy, nicolae_snake_single_loop,
          serial_bayou_pond_a
Snake:4:  grunt_snake_rune_pools, layout_layer_cave, serial_shops,
          nicolae_shop_stone, st_stairs_10, nicolae_snake_gridmaze_squiggle
Orc:1:    layout_caves
Orc:2:    pf_orc_diabolical, layout_caves, bh_open_orc_temple
Elf:1:    minmay_elf_arrival_circle, layout_gridlike, serial_shops, statue_bzr,
          basic_altar, nicolae_trove_entry_isolated, hangedman_elf_disciples,
          grunt_megastairs_4, lemuel_upstairs_altar
Elf:2:    elven_hall_of_blades_hangedman_original [nooodl_blade_entry_preview],
          layout_gridlike, serial_shops, shop, portal_ice_cave_entry_pillars_2
Vaults:1: v_rooms_5, v_alt_pattern_3, dpeg_vaults_monster_box,
          nicolae_vaults_sesquioval_fish, hangedman_vaults_nails,
          nicolae_vaults_six-pack, vaults_room_door_ring,
          layout_vaults_omnigrid, serial_shops, nicolae_shop_back_alley_shop,
          uniq_donald, uniq_asterion, uniq_zenata

Skill      XL: |  1  2  3  4  5  6  7  8  9 10 11 12 13 14 15 16 17 18 19 20 |
---------------+-------------------------------------------------------------+-----
Armour         | 3 4 6 7 9 10 12 13 15 16 17 18 19 20 | 20.9
Fighting       | 4 5 6 8 9 10 11 12 13 14 15 | 15.4
Maces & Flails | 4 5 7 8 10 13 15 16 | 16.4
Dodging        | 2 3 4 5 6 7 8 9 10 11 | 11.9
Staves         | 1 5 7 9 11 12 13 | 13.3
Evocations     | 2 4 5 6 7 8 9 |  9.7
Shields        | 4 9 12 14 15 | 15.9
Throwing       | 1 3 6 7 |  7.3

Action                     |  1- 3 |  4- 6 |  7- 9 | 10-12 | 13-15 | 16-18 | 19-21 || total
---------------------------+-------+-------+-------+-------+-------+-------+-------++-------
  Melee: Mace              |    66 |   248 |   390 |       |       |  2484 |  1062 ||  4250
         Punch             |       |     1 |     5 |       |       |       |       ||     6
         Quarterstaff      |       |       |    54 |   805 |  1571 |   722 |       ||  3152
         Unarmed           |       |       |       |     3 |       |     5 |       ||     8
         Demon trident     |       |       |       |       |       |       |   124 ||   124
         Eveningstar       |       |       |       |       |       |       |   341 ||   341
         Demon whip        |       |       |       |       |       |       |    91 ||    91
  Throw: Boomerang         |       |       |       |    12 |    10 |    76 |   307 ||   405
 Invoke: Berserk           |     2 |     2 |     6 |     3 |     2 |     4 |     1 ||    20
         Brothers in Arms  |       |       |       |       |       |     1 |       ||     1
         Trog's Hand       |       |       |       |       |       |       |     1 ||     1
Ability: Evoke Blink       |       |       |       |       |       |     1 |     1 ||     2
  Evoke: Wand              |       |       |       |       |       |     1 |       ||     1
         Phial of floods   |       |       |       |       |       |     1 |       ||     1
    Use: Scroll            |       |       |    12 |     6 |    14 |     7 |     1 ||    40
         Potion            |       |       |       |     1 |       |     8 |     1 ||    10
   Stab: Distracted        |       |       |       |       |    11 |    10 |       ||    21
         Petrified         |       |       |       |       |     1 |       |       ||     1
 Armour: Animal skin       |    16 |       |       |       |       |       |       ||    16
         Leather armour    |     7 |   105 |   154 |       |       |       |       ||   266
         Ring mail         |       |       |   100 |   359 |   673 |       |       ||  1132
         Skin              |       |       |       |     1 |       |       |       ||     1
         Plate armour      |       |       |       |       |   135 |   965 |   552 ||  1652
  Dodge: Dodged            |    41 |   159 |   337 |   340 |   706 |   732 |   328 ||  2643
  Block: Kite shield       |       |       |       |       |       |  1918 |  1290 ||  3208
         Other             |       |       |       |       |       |    41 |       ||    41
         Reflection        |       |       |       |       |       |   211 |   124 ||   335
